Map: Persephone LE

Players

Schady

  • Race: Terran Terran
  • Spawn Location: 7:00

DAM - Winner!

  • Race: Terran Terran
  • League: Silver
  • Spawn Location: 11:00

VOD

Have the link to the VOD?

Description

Time

  • Played on: Sept. 14, 2025, 7:27 p.m.
  • Length: 8:37
Show
View Real Time Build Order
Export as new Build Order

Schady Terran 

Build Orders:  

Get SALT Encoding   

  12  0:01  SCV  
  13  0:13  SCV  
  14  0:19  Supply Depot  
  14  0:25  SCV  
  15  0:41  SCV  
  16  0:45  Barracks  
  16  0:50  Refinery  
  16  1:16  SCV  
  17  1:33  Orbital Command  
  17  1:51  Command Center  
  17  1:52  Barracks Reactor  
  17  2:01  SCV  
  18  2:13  SCV  
  19  2:25  SCV  
  20  2:33  Marine x2, Supply Depot  
  22  2:51  Marine  
  23  2:54  Marine  
  24  3:23  Factory  
  24  3:29  Bunker  
  24  3:33  Orbital Command  
  24  3:38  Refinery  
  24  3:42  SCV  
  25  3:53  Marine x2  
  25  3:54  SCV  
  28  4:09  Factory Reactor  
  28  4:11  Marine  
  28  4:16  Starport  
  29  4:24  Supply Depot  
  29  4:26  SCV  
  30  4:32  SCV  
  31  4:38  SCV  
  31  4:44  SCV  
  33  4:48  Supply Depot  
  33  5:06  Factory Tech Lab  
  33  5:15  Supply Depot  
  33  5:20  Marine x2  
  35  5:34  SCV x2  
  34  5:38  Marine  
  17  6:19  SCV  
  18  6:31  SCV  
  19  6:33  SCV  
  20  6:43  SCV  
  20  6:45  SCV  
  22  6:50  Barracks  
  22  6:52  Barracks  
  22  6:53  Medivac x2  
  22  6:54  Barracks  
  26  6:55  Barracks, SCV  
  26  6:56  Siege Tank  
  26  6:57  SCV  
  26  6:59  Marine x2  
  33  7:07  SCV  
  34  7:10  SCV  
  35  7:16  Marine  
  35  7:17  Marine  
  35  7:19  SCV  
  35  7:20  Supply Depot  
  35  7:22  SCV  
  39  7:28  Siege Tank  
  42  7:30  Medivac x2  
  42  7:31  SCV  
  42  7:34  Marine x2  
  35  7:52  Marine x2  
Show
View Real Time Build Order
Export as new Build Order

DAM Terran - Winner!

Build Orders:  

Get SALT Encoding   

  12  0:09  Refinery  
  12  0:12  SCV  
  13  0:27  SCV  
  14  0:28  Supply Depot  
  14  0:40  SCV  
  15  0:51  Barracks  
  15  0:56  Supply Depot  
  15  1:01  SCV  
  16  1:13  SCV  
  17  1:26  SCV  
  17  1:31  Refinery  
  18  1:38  SCV  
  19  1:44  Marine  
  20  1:50  SCV  
  21  1:54  Engineering Bay  
  21  2:02  SCV  
  22  2:13  Barracks Reactor  
  22  2:14  SCV  
  23  2:15  Factory  
  23  2:21  Missile Turret  
  23  2:30  Orbital Command  
  23  2:50  Marine x2  
  25  2:56  SCV  
  26  3:03  Factory Tech Lab  
  26  3:05  Starport  
  25  3:08  Marine  
  26  3:13  Marine  
  27  3:23  Siege Tank  
  27  3:26  SCV  
  31  3:27  Bunker  
  31  3:54  Supply Depot  
  31  3:57  Supply Depot  
  31  4:15  Marine x2, Liberator  
  36  4:23  Supply Depot  
  36  4:24  Siege Tank  
  39  4:26  SCV  
  39  4:29  Terran Infantry Weapons Level 1  
  40  4:33  Marine x2  
  42  4:41  Missile Turret  
  42  4:51  Barracks  
  42  5:04  Starport Reactor  
  42  5:08  Marine x2  
  44  5:25  Marine  
  44  5:26  Marine  
  46  5:43  Marine x2  
  45  6:20  Command Center  
  45  6:24  Terran Infantry Armor Level 1  
  45  6:30  Barracks Tech Lab  
  45  6:31  Marine x2, Supply Depot  
  47  6:35  Medivac x2  
  51  6:43  Siege Tank  
  54  6:49  Marine x2  
  54  6:50  Combat Shield  
  56  7:03  Marauder  
  56  7:05  Medivac x2  
  56  7:06  Marine  
  56  7:07  Marine  
  64  7:15  Siege Tank  
  67  7:24  Marine x2  
  67  7:25  Marauder  
  69  7:42  Marine x2  
  68  7:46  Marauder  
  66  8:07  Marauder  
Tags
 
League
Silver
Matchup
TvT
Race
Terran
Spawn Locations
Close Positions
Add a new tag
Caveats
  • Supply blocks, unpowered buildings, or Contaminate may cause inaccurate times.
  • Supply counts are checked every 10 seconds.